 Dungeon Sprint DCSS version 0.30.1-3-gfc49f6343a (webtiles) character file.

Game seed: 11609237760588593933

25 boopmooplesden the Trooper (level 3, -12/33 HPs)
             Began as a Formicid Berserker on Aug 8, 2023.
             Was a Priest of Trog.
             Mangled by an ogre
             ... wielding a +0 giant spiked club
              (21 damage)
             ... in the Dungeon (Sprint IX: "|||||||||||||||||||||||||||||").
             The game lasted 00:00:31 (290 turns).

boopmooplesden the Trooper (Formicid Berserker)      Turns: 290, Time: 00:00:32

Health: -12/33     AC:  2    Str: 23    XL:     3   Next: 20%
Magic:  3/3        EV: 12    Int:  6    God:    Trog [***...]
Gold:   0          SH:  0    Dex: 13    Spells: 2/2 levels left

rFire   . . .        a - +0 spear
rCold   . . .        (no shield)
rNeg    . . .        b - +0 animal skin
rPois   .            (helmet unavailable)
rElec   .            (no cloak)
rCorr   .            (no gloves)
SInv    +            (no boots)
Will    .....        (no amulet)
Stlth   +            (no ring)
HPRegen 0.25/turn    (no ring)
MPRegen 0.08/turn

%: no passive effects
@: no status effects
A: permanent stasis, dig shafts and tunnels, antennae 3, four strong arms
a: Dig, Renounce Religion, Trog's Hand


You were in the Dungeon.
You worshipped Trog.
Trog was most pleased with you.
You visited 1 branch

Inventory:

Hand Weapons
 a - a +0 spear (weapon)
Armour
 b - a +0 animal skin (worn)
Scrolls
 f - a scroll of blinking
Potions
 d - a potion of heal wounds
 e - 2 potions of magic


   Skills:
 + Level 5.1 Fighting
 + Level 4.7 Polearms
 + Level 2.6 Armour
 + Level 2.6 Dodging


You had 2 spell levels left.
You didn't know any spells.
Your spell library was empty.

Dungeon Overview and Level Annotations

Branches:
Dungeon (1/1)

Altars:


Innate Abilities, Weirdness & Mutations

You cannot be hasted, slowed, berserked, paralysed or teleported.
You can dig through walls and to a lower floor.
You have a pair of large antennae on your head. (SInv)
Your four strong arms can wield two-handed weapons with a shield.


Message History

The orc hits you with a +0 hand axe.
You hit the orc.
You kill the orc!
Trog accepts your kill. The ogre closely misses you.
There is an open door, spattered with blood here.
Things that are here:
a +0 hand axe; an orc corpse; an adder corpse You barely miss the ogre.
You feel the effects of Trog's Hand fading.
The ogre hits you with a +0 giant spiked club!
You barely miss the ogre. You hit the ogre.
The ogre is moderately wounded.
The ogre misses you.
You hit the ogre but do no damage.
The ogre is lightly wounded.
You hit the ogre.
The ogre is moderately wounded.
The ogre closely misses you.
You puncture the ogre!
The ogre is heavily wounded.
Your skin stops crawling.
You feel less strong-willed. The ogre closely misses you.
You hit the ogre.
The ogre is heavily wounded.
You hit the ogre.
The ogre is severely wounded.
The ogre misses you.
You hit the ogre.
The ogre is severely wounded.
You hit the ogre.
The ogre is severely wounded.
The ogre hits you with a +0 giant spiked club!
* * * LOW HITPOINT WARNING * * *
You hit the ogre.
The ogre is almost dead.
The ogre hits you with a +0 giant spiked club!!
Ouch! That really hurt!
You die...

▓.▓
▓.▓
▓)▓
▓÷▓
▓.▓
▓.▓
▓.▓
▓.▓
▓@▓
▓O▓
▓s▓
▓.▓
▓.▓
▓.▓
▓+▓


You could see an ogre and a scorpion.

Vanquished Creatures
  2 adders (D)
  An orc (D)
  A bat (D)
  2 quokkas (D)
  A ball python (D)
  A goblin (D)
8 creatures vanquished.

Notes
Turn   | Place    | Note
-------+----------+-------------------------------------------
     0 | D        | boopmooplesden the Formicid Berserker began the quest for
                  | the Orb.
     0 | D        | Reached XP level 1. HP: 18/18 MP: 1/1
    17 | D        | Reached ** piety under Trog
    29 | D        | Reached skill level 4 in Fighting
   261 | D        | Noticed an ogre
   261 | D        | Noticed a scorpion
   266 | D        | Reached XP level 2. HP: 26/26 MP: 2/2
   273 | D        | Reached *** piety under Trog
   274 | D        | Reached skill level 5 in Fighting
   274 | D        | Reached XP level 3. HP: 33/33 MP: 3/3
   290 | D        | Mangled by an ogre

Illustrated notes

Levels and vault maps discovered:
D:        linesprint [early_d, line_temple, items_1, d_10, items_2, lair_1,
          lair_end, items_3, orc_1, orc_end, items_4, d_15, swamp_1, shoals_1,
          snake_1, spider_1, d_20, vaults_1, items_5, swamp_end, shoals_end,
          snake_end, spider_end, vaults_end, d_27, items_6, zot_1, zot_end,
          crypt_end, forest_end, elf_end, slime_end, tomb_end, abyss_end,
          pan_hell_end]

Skill      XL: |  1  2 |
---------------+-------+-----
Dodging        | 2 |  2.6
Fighting       | 4 5 |  5.1
Polearms       | 4 |  4.7
Armour         | |  2.6

Action                     || total
---------------------------++-------
  Melee: Spear             ||    53
         Punch             ||     1
 Invoke: Trog's Hand       ||     1
    Use: Potion            ||     1
 Armour: Animal skin       ||     4
  Dodge: Dodged            ||    36
